 Dungeon Crawl Stone Soup version 0.25.1-8-g42b30a86e7 (webtiles) character file.

Game seed: 13035034028237844622

178344 FreshCat the Peltast (level 18, -3/112 HPs)
             Began as a Gargoyle Fighter on Sept 13, 2020.
             Was the Champion of Okawaru.
             Slain by a nagaraja (4 damage)
             ... on level 4 of the Snake Pit on Dec 11, 2020.
             The game lasted 04:18:18 (37414 turns).

FreshCat the Peltast (Gargoyle Fighter)            Turns: 37414, Time: 04:18:20

Health: -3/112     AC: 39    Str: 33    XL:     18   Next: 20%
Magic:  24/24      EV: 15    Int:  8    God:    Okawaru [******]
Gold:   1250       SH: 26    Dex: 15    Spells: 17/17 levels left

rFire    + + +     SeeInvis +   y - +3 whip (vamp)
rCold    + . .     Gourm    .   c - +4 kite shield
rNeg     + . .     Faith    .   U - +5 ring mail "Woad Akhlu" {rElec rF++ Int-3 Dex+4}
rPois    ∞         Spirit   .   N - +1 helmet {SInv}
rElec    +         Reflect  +   W - scarf {rC+ rF+}
rCorr    .         Harm     .   i - +2 pair of gloves {Str+3}
MR       +....                  B - +2 pair of boots
Stlth    ++........             A - amulet of reflection
HPRegen  0.28/turn              p - +4 ring of protection
MPRegen  0.19/turn              K - +6 ring of strength

@: about to teleport, slowed, constricted, studying Armour, very slow
A: big wings, negative energy resistance 1, electricity resistance, unbreathing,
petrification resistance, rot immunity, AC +13
a: Fly, Heroism, Finesse, Renounce Religion


You were on level 4 of the Snake Pit.
You worshipped Okawaru.
Okawaru was exalted by your worship.
You were very hungry.

You visited 6 branches of the dungeon, and saw 31 of its levels.

You collected 2904 gold pieces.
You spent 1654 gold pieces at shops.

Inventory:

Hand Weapons
 u - a +0 morningstar of freezing
 y - a +3 vampiric whip (weapon)
 z - a +2 mace of protection
Missiles
 b - 2 boomerangs
 x - 10 curare-tipped darts
 J - 13 poisoned darts (quivered)
 L - 8 javelins
 V - 30 atropa-tipped darts
 X - 4 silver javelins
Armour
 c - a +4 kite shield (worn)
 i - a +2 pair of gloves of strength (worn)
 B - a +2 pair of boots (worn)
 M - a +2 kite shield of cold resistance
 N - a +1 helmet of see invisible (worn)
 U - the +5 ring mail "Woad Akhlu" (worn) {rElec rF++ Int-3 Dex+4}
   (You found it on level 10 of the Dungeon)

   It affects your intelligence (-3).
   It affects your dexterity (+4).
   It greatly protects you from fire.
   It insulates you from electricity.
 W - a scarf of resistance (worn)
Jewellery
 p - a +4 ring of protection (left hand)
 A - an amulet of reflection (around neck)
 G - an uncursed amulet of the acrobat
 K - a +6 ring of strength (right hand)
 T - an uncursed ring of see invisible
 Y - an uncursed ring of resist corrosion
Wands
 a - a wand of paralysis (14)
 e - a wand of iceblast (8)
 q - a wand of polymorph (7)
 r - a wand of acid (9)
 Q - a wand of random effects (15)
 R - a wand of flame (48)
Scrolls
 h - 2 scrolls of enchant weapon
 j - a scroll of silence
 l - 15 scrolls of remove curse
 m - a scroll of vulnerability
 s - a scroll of amnesia
 t - 11 scrolls of teleportation
 w - 3 scrolls of blinking
 E - 5 scrolls of magic mapping
 I - 2 scrolls of fear
 O - 3 scrolls of identify
 P - a scroll of summoning
 S - 5 scrolls of fog
Potions
 d - 2 potions of might
 g - 5 potions of haste
 n - 14 potions of curing
 o - 6 potions of heal wounds
 v - 9 potions of stabbing
 C - a potion of resistance
 D - a potion of invisibility
 F - 5 potions of mutation
 H - 3 potions of cancellation
Books
 k - a manual of Armour
Comestibles
 f - 35 rations


   Skills:
 + Level 12.4 Fighting
 + Level 13.6 Maces & Flails
 + Level 9.0 Throwing
 * Level 11.3 Armour
 + Level 9.8 Dodging
 + Level 5.6 Stealth
 + Level 20.2 Shields
 + Level 8.1 Invocations
 + Level 0.7 Evocations


You had 17 spell levels left.
You didn't know any spells.
Your spell library contained the following spells:

 Spells                   Type           Power        Failure   Level  Hunger
 Animate Skeleton         Necr           N/A          50%         1    ##.....
 Beastly Appendage        Tmut           #.....       50%         1    ##.....
 Pain                     Necr           #...         50%         1    ##.....
 Summon Butterflies       Summ           #.......     50%         1    ##.....
 Ensorcelled Hibernation  Hex/Ice        #.....       63%         2    ###....
 Sticks to Snakes         Tmut           #.......     63%         2    ###....
 Call Canine Familiar     Summ           #.......     86%         3    ####...
 Spider Form              Tmut/Pois      #.........   86%         3    ####...
 Vampiric Draining        Necr           #.........   86%         3    ####...
 Animate Dead             Necr           N/A          99%         4    #####..
 Cause Fear               Hex            #.........   99%         4    #####..
 Ice Form                 Ice/Tmut       #.......     99%         4    #####..
 Petrify                  Tmut/Erth      #.......     99%         4    #####..
 Summon Ice Beast         Ice/Summ       #.......     99%         4    #####..
 Agony                    Necr           #.......     100%        5    ######.
 Alistair's Intoxication  Tmut/Pois      #.......     100%        5    ######.
 Blade Hands              Tmut           #.........   100%        5    ######.
 Borgnjor's Vile Clutch   Necr/Erth      #.........   100%        5    ######.
 Silence                  Hex/Air        #.........   100%        5    ######.
 Summon Mana Viper        Hex/Summ       #.......     100%        5    ######.
 Yara's Violent Unravell  Hex/Tmut       #.........   100%        5    ######.
 Darkness                 Hex            #.........   100%        6    #######
 Shadow Creatures         Summ           N/A          100%        6    #######
 Summon Hydra             Summ           #.........   100%        7    #######
 Discord                  Hex            #.........   100%        8    #######
 Statue Form              Tmut/Erth      Unusable     N/A         6    N/A

Dungeon Overview and Level Annotations

Branches:
Dungeon (15/15)            Temple (1/1) D:7            Lair (6/6) D:10
  Swamp (3/4) Lair:2        Snake (4/4) Lair:2        Slime (0/5) Lair:5
    Orc (2/2) D:9             Elf (0/3) Orc:2        Vaults (0/5) D:13
 Depths (0/5) D:15

Altars:
Ashenzari
Cheibriados
Dithmenos
Elyvilon
Fedhas
Gozag
Hepliaklqana
Kikubaaqudgha
Makhleb
Nemelex Xobeh
Okawaru
Qazlal
Ru
Sif Muna
Trog
Uskayaw
Vehumet
Wu Jian
Xom
Yredelemnul
Zin
The Shining One

Shops:
D:9 (*[:*   Orc:2 (%:*   Snake:2 **   Snake:3 *

Portals:
Pandemonium: Orc:2

Annotations:
Swamp:2 Aizul


Innate Abilities, Weirdness & Mutations

You are resistant to torment.
Your stone body is resilient. (AC +13)
You are immune to poison.
Your large and strong wings let you fly indefinitely.
You resist negative energy. (rN+)
You are resistant to electric shocks. (rElec)
You can survive without breathing.
You are immune to petrification.
You are immune to rotting.


Message History

You block the black mamba's attack.
The nagaraja gestures at you while chanting.
The poison arrow hits you. You partially resist.
* * * LOW HITPOINT WARNING * * *
The nagaraja constricts you. You block the shock serpent's attack.
You completely miss the nagaraja.
The nagaraja is severely wounded.
You block the black mamba's attack. The nagaraja hits you.
* * * LOW HITPOINT WARNING * * *
The nagaraja constricts you.
The shock serpent shoots out a bolt of lightning at you!
The bolt of electricity hits you. You resist.
* * * LOW HITPOINT WARNING * * *
You escape the nagaraja's grasp.
You block the black mamba's attack. The black mamba completely misses you.
The nagaraja hits you!
* * * LOW HITPOINT WARNING * * *
The nagaraja grabs you. The nagaraja constricts you.
You block the shock serpent's attack. The black mamba barely misses you.
The nagaraja hits you but does no damage.
You die...

# #...##(....##...#
#....# #....##SN.#
..... #..(.#...#
...... #..#('..#
......###..#.'..#
......#....(#...#
#........##..N#
##.....)NS##...#
#....).S@.##...
#.....).)..##..
#.......<....##.
#.............##
#..............##
...##
#...............##
....#
#................##
....#
+.................##
....#
#........#.........##


You could see a nagaraja (fast), a shock serpent and a black mamba.

Vanquished Creatures
  Vashnia (Snake:3)
  Rupert (Lair:6)
  The ghost of Tyszek the Hoplite, an adept MiFi of the Shining One (Snake:2)
  A thorn hunter (Swamp:1)
  Roxanne (Snake:3)
  4 nagarajas
  Nessos (Lair:4)
  2 dire elephants (Lair:5)
  The ghost of doomsgape the Blocker, a journeyman GrFi of Okawaru (Lair:6)
  Snorg (Lair:4)
  2 fire dragons
  A vault guard (D:13)
  10 naga warriors
  3 ghost crabs
  11 hydras
  6 anacondas
  2 catoblepae (Lair:5)
  9 two-headed ogres
  A centaur warrior (D:15)
  A queen ant (D:11)
  An ogre mage (D:15)
  5 orc high priests (Orc:2)
  5 alligators
  16 naga sharpshooters
  10 shock serpents
  2 skeletal warriors
  A spectral death yak (Lair:6)
  3 salamander mystics
  9 sea snakes (Snake:1)
  4 naga ritualists
  2 infernal demonspawn (Orc:2)
  A swamp dragon (Swamp:1)
  A gelid demonspawn (Orc:2)
  A phantasmal warrior (D:14)
  2 unseen horrors
  A spectral hydra (Lair:6)
  2 lindwurms (Lair:6)
  4 orc knights (Orc:2)
  A necromancer (D:14)
  An obsidian statue (Snake:2)
  3 deep elf magi
  6 ugly things
  6 orc sorcerers (Orc:2)
  11 mana vipers
  3 cyclopes
  5 elephants (Lair:6)
  13 salamanders
  41 black mambas
  3 guardian serpents
  6 naga magi
  Psyche (D:10)
  16 spiny frogs
  2 molten gargoyles (Lair:6)
  A gargoyle (D:15)
  A smoke demon (Orc:2)
  A spriggan zombie (D:15)
  3 rime drakes (Lair:5)
  8 komodo dragons
  2 kobold demonologists (D:14)
  An ice devil (Orc:2)
  A queen bee (Lair:3)
  3 meliai (D:14)
  3 trolls
  A meliai (shapeshifter) (D:13)
  16 slime creatures
  4 tyrant leeches (Swamp:1)
  7 hippogriffs
  A hornet (Swamp:1)
  19 blink frogs
  5 bog bodies
  3 shadows
  48 yaks
  A human (D:8)
  2 wyverns
  3 wraiths
  4 basilisks
  2 steam dragons
  10 vampire mosquitoes
  2 catoblepas simulacra (Lair:6)
  2 wargs
  7 swamp worms
  40 nagas
  An acid dragon (D:15)
  9 water moccasins
  20 soldier ants (D:11)
  3 hell hounds (Lair:6)
  8 porcupines
  A hydra simulacrum (Lair:6)
  31 orc warriors
  4 sky beasts
  A swamp drake (Swamp:1)
  4 ice beasts
  A black mamba simulacrum (Lair:6)
  3 black bears (D:9)
  An ogre (D:14)
  4 wolves
  6 centaurs
  16 crocodiles
  7 big kobolds
  20 bullfrogs
  A gnoll sergeant (D:4)
  A spiny frog simulacrum (Lair:6)
  A wyvern zombie (D:12)
  5 scorpions
  35 killer bees
  10 electric eels
  8 crimson imps
  4 centaur zombies
  5 lava snakes (Lair:6)
  2 centaur skeletons
  16 jellies
  A gnoll shaman (D:3)
  24 orc priests
  2 bullfrog skeletons
  7 hounds
  Jessica (D:2)
  5 iguanas
  20 orc wizards
  28 worker ants
  2 hound zombies
  A hound skeleton (D:7)
  A worker ant zombie (D:7)
  32 gnolls
  12 adders
  2 shadow imps
  2 oozes
  3 worms
  2 dart slugs
  6 leopard geckos
  66 orcs
  4 ball pythons
  16 bats
  4 giant cockroaches
  5 goblins
  5 hobgoblins
  29 jackals
  6 quokkas
  4 frilled lizards
  24 kobolds
  3 leopard gecko skeletons
  A quokka skeleton (D:9)
  24 rats
1019 creatures vanquished.

Vanquished Creatures (others)
  2 hydras (Swamp:2)
  A manticore (D:14)
  A naga mage (Snake:2)
  A tyrant leech (Swamp:2)
  A kobold (D:7)
  A briar patch (Swamp:1)
  8 fungi
  5 plants
  16 toadstools
  4 withered plants (D:15)
40 creatures vanquished.

Grand Total: 1059 creatures vanquished

Notes
Turn   | Place    | Note
-------+----------+-------------------------------------------
     0 | D:1      | FreshCat the Gargoyle Fighter began the quest for the Orb.
     0 | D:1      | Reached XP level 1. HP: 14/14 MP: 1/1
    34 | D:1      | Reached XP level 2. HP: 14/19 MP: 2/2
   544 | D:1      | Reached XP level 3. HP: 23/23 MP: 3/3
  1029 | D:2      | Noticed Jessica
  1049 | D:2      | Killed Jessica
  1049 | D:2      | Reached skill level 4 in Shields
  1049 | D:2      | Reached XP level 4. HP: 25/28 MP: 4/4
  1306 | D:2      | Reached skill level 1 in Throwing
  1843 | D:3      | Reached XP level 5. HP: 33/33 MP: 5/5
  1889 | D:3      | Reached skill level 1 in Dodging
  1968 | D:3      | Found a stormy altar of Qazlal.
  2074 | D:4      | Reached skill level 1 in Stealth
  2322 | D:3      | Reached XP level 6. HP: 38/38 MP: 6/6
  2520 | D:3      | Reached skill level 5 in Shields
  2892 | D:4      | Reached XP level 7. HP: 32/43 MP: 7/7
  4130 | D:5      | Entered Level 5 of the Dungeon
  4256 | D:4      | Reached skill level 5 in Maces & Flails
  4302 | D:4      | You fall into a shaft and drop 1 floor!
  4921 | D:4      | Reached XP level 8. HP: 48/48 MP: 8/8
  5435 | D:5      | Found a shimmering altar of Xom.
  5519 | D:5      | Reached skill level 6 in Shields
  5945 | D:6      | Reached skill level 5 in Armour
  6254 | D:6      | Found a bloodstained altar of Trog.
  6938 | D:7      | Found a hazy altar of Hepliaklqana.
  6951 | D:7      | Reached skill level 5 in Fighting
  7035 | D:7      | Reached XP level 9. HP: 54/54 MP: 9/9
  7045 | D:7      | Found a staircase to the Ecumenical Temple.
  7058 | Temple   | Entered the Ecumenical Temple
  7310 | Temple   | Became a worshipper of Warmaster Okawaru
  7408 | D:7      | Reached skill level 7 in Shields
  7970 | D:8      | Reached * piety under Okawaru
  8022 | D:9      | Noticed a two-headed ogre
  8110 | D:8      | Reached skill level 8 in Shields
  8316 | D:8      | Killed a two-headed ogre
  8582 | D:9      | Found Opey's Weapon Emporium.
  8611 | D:9      | Reached skill level 9 in Shields
  8611 | D:9      | Reached XP level 10. HP: 60/60 MP: 10/10
  8632 | D:9      | Found Kiugazin's General Store.
  8657 | D:9      | Bought a scroll of identify for 24 gold pieces
  8657 | D:9      | Bought a scroll of teleportation for 36 gold pieces
  8720 | D:10     | Entered Level 10 of the Dungeon
  8793 | D:9      | You fall into a shaft and drop 2 floors!
  8824 | D:11     | Reached skill level 1 in Invocations
  8919 | D:11     | Reached ** piety under Okawaru
  9229 | D:9      | Found Kauras's Assorted Antiques.
  9230 | D:9      | Found a staircase to the Orcish Mines.
  9256 | D:9      | Reached *** piety under Okawaru
  9341 | D:8      | Reached skill level 10 in Shields
  9404 | D:9      | Bought a potion of heal wounds for 130 gold pieces
  9863 | D:9      | Found Lughedur's Armour Emporium.
  9883 | D:9      | Found Ycaqow's Book Boutique.
  9914 | D:9      | Reached **** piety under Okawaru
 10117 | D:10     | Found a staircase to the Lair.
 10160 | D:9      | Reached XP level 11. HP: 66/66 MP: 14/14
 10499 | D:10     | Noticed Psyche
 10509 | D:10     | Killed Psyche
 10509 | D:10     | Reached skill level 5 in Invocations
 10715 | D:11     | Reached skill level 11 in Shields
 10849 | D:10     | Got an ichor-stained ring mail
 10850 | D:10     | Identified the +5 ring mail "Woad Akhlu" {rElec rF++ Int-3
                  | Dex+4} (You found it on level 10 of the Dungeon)
 11213 | D:12     | Noticed a skeletal warrior
 11220 | D:12     | Noticed a cyclops
 11224 | D:12     | Killed a cyclops
 11675 | D:11     | Killed an unseen horror
 11675 | D:11     | Reached ***** piety under Okawaru
 11785 | D:11     | Noticed a queen ant
 11836 | D:11     | Killed a queen ant
 12719 | Lair:1   | Entered Level 1 of the Lair of Beasts
 12738 | Lair:2   | Received a gift from Okawaru
 12762 | Lair:1   | Noticed an eight-headed hydra
 12824 | Lair:2   | Reached XP level 12. HP: 72/72 MP: 14/16
 12838 | Lair:2   | Reached skill level 10 in Maces & Flails
 12863 | Lair:2   | Reached skill level 12 in Shields
 12966 | Lair:2   | Found a staircase to the Swamp.
 13105 | Lair:1   | Received a gift from Okawaru
 13129 | Lair:2   | Found a staircase to the Snake Pit.
 13155 | Lair:1   | Reached skill level 5 in Dodging
 13365 | Lair:1   | Killed an eight-headed hydra
 14063 | Lair:2   | Noticed an eight-headed hydra
 14077 | Lair:2   | Killed an eight-headed hydra
 14255 | Lair:3   | Reached skill level 13 in Shields
 14585 | Lair:3   | You fall into a shaft and drop 1 floor!
 15087 | Lair:3   | Received a gift from Okawaru
 15150 | Lair:3   | Reached XP level 13. HP: 79/79 MP: 14/17
 16037 | Lair:3   | Reached skill level 14 in Shields
 16383 | Lair:4   | Noticed Nessos
 16412 | Lair:4   | Killed Nessos
 16523 | Lair:4   | Noticed Snorg
 16569 | Lair:4   | Killed Snorg
 17187 | Lair:6   | Entered Level 6 of the Lair of Beasts
 17394 | Lair:6   | Received a gift from Okawaru
 17399 | Lair:6   | Noticed Rupert
 17462 | Lair:5   | Found a staircase to the Slime Pits.
 17865 | Lair:5   | Received a gift from Okawaru
 18048 | Lair:5   | Noticed a dire elephant
 18084 | Lair:5   | Killed a dire elephant
 18084 | Lair:5   | Reached skill level 5 in Throwing
 18133 | Lair:5   | Noticed a dire elephant
 18154 | Lair:5   | Found a runed translucent door.
 19441 | D:12     | Gained mutation: Your large and strong wings let you fly
                  | indefinitely. [Gargoyle growth]
 19441 | D:12     | Reached XP level 14. HP: 86/86 MP: 19/19
 19988 | D:12     | Reached skill level 15 in Shields
 21074 | D:13     | Found a gate to the Vaults.
 21255 | D:14     | You fall into a shaft and drop 1 floor!
 21255 | D:15     | Entered Level 15 of the Dungeon
 21494 | D:15     | Reached skill level 10 in Fighting
 21891 | D:14     | Received a gift from Okawaru
 22081 | D:14     | Reached skill level 16 in Shields
 22472 | D:14     | Found a glowing golden altar of the Shining One.
 23185 | D:15     | Found a staircase to the Depths.
 23245 | D:14     | Received a gift from Okawaru
 23245 | D:14     | Reached XP level 15. HP: 30/92 MP: 17/20
 24150 | Lair:6   | Paralysed by Rupert for 2 turns
 24155 | Lair:6   | Killed Rupert
 24699 | Lair:6   | Received a gift from Okawaru
 25113 | Lair:6   | Found a runed translucent gate.
 25114 | Lair:6   | Found a runed translucent gate.
 25115 | Lair:6   | Found a runed translucent gate.
 25119 | Lair:6   | Noticed doomsgape's ghost (journeyman GrFi)
 25387 | Lair:6   | Found a large runed translucent door.
 25387 | Lair:6   | Found a large runed translucent door.
 25406 | Lair:6   | Received a gift from Okawaru
 25406 | Lair:6   | Reached skill level 17 in Shields
 25899 | Lair:6   | Received a gift from Okawaru
 26629 | Orc:1    | Entered Level 1 of the Orcish Mines
 26963 | Orc:2    | Entered Level 2 of the Orcish Mines
 27371 | Orc:2    | Found a staircase to the Elven Halls.
 28048 | Orc:2    | Found Cynluw's Food Boutique.
 28093 | Orc:2    | Found Hemesag's General Store.
 28510 | Orc:2    | Reached skill level 5 in Stealth
 28680 | Orc:2    | Reached XP level 16. HP: 79/100 MP: 22/22
 28882 | Orc:2    | Found Emei's Book Emporium.
 28882 | Orc:2    | Found Neuphes's Antique Weapon Shoppe.
 28883 | Orc:2    | Found a one-way gate leading to the halls of Pandemonium.
 29078 | Orc:2    | Bought a manual of Armour for 1324 gold pieces
 29447 | Lair:6   | Killed doomsgape's ghost
 29711 | Swamp:1  | Entered Level 1 of the Swamp
 29731 | Swamp:1  | Received a gift from Okawaru
 29865 | Swamp:1  | You are sucked into a shaft and drop 1 floor!
 30858 | Swamp:2  | Noticed Aizul
 30892 | Swamp:1  | Noticed a thorn hunter
 30904 | Swamp:1  | Killed a thorn hunter
 31086 | Swamp:1  | Reached skill level 18 in Shields
 32080 | Snake:1  | Entered Level 1 of the Snake Pit
 32179 | Snake:1  | Received a gift from Okawaru
 33035 | Snake:1  | Received a gift from Okawaru
 33297 | Snake:2  | Received a gift from Okawaru
 33297 | Snake:2  | Reached XP level 17. HP: 95/106 MP: 23/23
 33312 | Snake:2  | Got a faintly glowing dire flail {god gift}
 33466 | Snake:2  | Reached skill level 19 in Shields
 33682 | Snake:2  | Found Qaleit's Assorted Antiques.
 33697 | Snake:2  | Bought a small diamond amulet for 140 gold pieces
 33853 | Snake:2  | Received a gift from Okawaru
 33977 | Snake:2  | Found a runed translucent gate.
 33978 | Snake:2  | Found a runed translucent gate.
 33979 | Snake:2  | Found a runed translucent gate.
 33980 | Snake:2  | Found an opulent altar of Gozag.
 33981 | Snake:2  | Found Moivvin's Assorted Antiques.
 33981 | Snake:2  | Noticed Tyszek's ghost (adept MiFi)
 34093 | Snake:2  | Killed Tyszek's ghost
 35074 | Snake:2  | Upgraded the game from 0.25.1-2-g60ff931df9 to
                  | 0.25.1-8-g42b30a86e7
 35091 | Snake:3  | Received a gift from Okawaru
 35191 | Snake:3  | Identified Roxanne's Handbook of Changing
 35191 | Snake:3  | Noticed Roxanne
 35220 | Snake:3  | Killed Roxanne
 35392 | Snake:4  | Entered Level 4 of the Snake Pit
 35438 | Snake:3  | Reached skill level 10 in Armour
 36009 | Snake:3  | Found Xadagaod's General Store.
 36245 | Snake:3  | Noticed Vashnia
 36323 | Snake:3  | Killed Vashnia
 36323 | Snake:3  | Reached skill level 20 in Shields
 36323 | Snake:3  | Reached XP level 18. HP: 98/112 MP: 24/24
 37361 | Snake:4  | Reached ****** piety under Okawaru
 37414 | Snake:4  | HP: 1/112 [nagaraja (15)]
 37414 | Snake:4  | Slain by a nagaraja

Illustrated notes

Levels and vault maps discovered:
D:1:      shiori_shiawase, layout_loops_ring, minivault_4
D:2:      layout_loops_ring, minmay_rat_hole, uniq_jessica
D:3:      lemuel_castle_with_subvaults [lemuel_castle_interior_carwin_2],
          layout_loops_corners, first_ration, st_stairs_8,
          minmay_strange_pillars, nicolae_qazlal_eye_of_the_storm
D:4:      layout_basic, nrook_mini_vaults, kennysheep_generic_room_7
D:5:      layout_layer_cave, nicolae_overflow_crystal_walls
D:6:      layout_basic, bloody_trog
D:7:      layout_basic, minmay_temple_entry_stoned_glass, basic_altar
D:8:      layout_gridville, grunt_pizzeria
D:9:      layout_long_grid, orc_0_dummy, serial_shops, kennysheep_little_box,
          kennysheep_mini_moat, kennysheep_mini, shop,
          nicolae_shop_window_shopping
D:10:     layout_roguey, due_lair_maze_entry_diamond, uniq_psyche
D:11:     layout_layer_cave, gauntlet_entry_generic, minivault_29
D:12:     layout_irregular_city, portal_ice_cave_entry_pillars_1,
          kennysheep_small_square
D:13:     layout_roguey, david_vaults_5
D:14:     layout_irregular_city, serial_rivers, chequers_serial_rivers_micro_d,
          chequers_serial_rivers_micro_e, chequers_serial_rivers_micro_d,
          chequers_serial_rivers_marsh, chequers_serial_rivers_micro_d,
          skrybe_limestone_x, tso_altar
D:15:     gammafunk_depths_entry_grave, layout_small_grid,
          chequers_serial_rivers_room_b
Temple:   nicolae_temple_the_god_donut
Lair:1:   layout_hall_layers, chequers_serial_rivers_micro_a, minivault_24,
          grunt_megastairs_1, lemuel_fruit_fields
Lair:2:   layout_concentric_octagons, nicolae_swamp_entry_splash_gauntlet,
          guppyfry_snake_entry_island, beast_lair_carwin_11
Lair:3:   layout_misc_corridors, special_room [special_room_bee],
          serial_bayou_shore_a
Lair:4:   layout_regular_city, beast_lair_carwin_2, uniq_nessos, uniq_snorg
Lair:5:   gammafunk_lair_enchanted_lake, layout_long_grid,
          minmay_slime_entry_jelly_boxes, st_stairs_5
Lair:6:   cheibrodos_lair_end_hotspot, layout_regular_city,
          gammafunk_ghost_necromancy, uniq_rupert
Swamp:1:  cheibrodos_swamp_tower_of_moss, layout_basic_swamp, serial_swamp_ruin,
          evilmike_swamp_ruin_house_1, evilmike_swamp_ruin_rubble_2
Swamp:2:  layout_falls_marsh, evilmike_swamp_ruin_wall, swamp_pool2,
          uniq_donald, uniq_aizul
Swamp:3:  cheibrodos_swamp_heart_of_darkness, layout_basic_swamp,
          evilmike_swamp_ruin_house_5
Snake:1:  layout_basic
Snake:2:  layout_basic, ebering_ghost_gozag, minmay_shop_grid_forest,
          serial_bayou_shore_b
Snake:3:  layout_cave_town, serial_shops, nicolae_shop_stone, drop_trap,
          uniq_vashnia, uniq_roxanne
Snake:4:  johnstein_snake_rune_scales, layout_cave_town
Orc:1:    layout_diamond_mine
Orc:2:    pf_orc_diabolical, layout_diamond_mine

Skill      XL: |  1  2  3  4  5  6  7  8  9 10 11 12 13 14 15 16 17 18 |
---------------+-------------------------------------------------------+-----
Shields        | 4 5 6 9 10 11 13 14 16 17 18 20 | 20.2
Throwing       | 1 2 3 4 5 6 7 8 9 |  9.0
Maces & Flails | 3 4 5 6 7 8 9 10 11 12 13 | 13.6
Dodging        | 1 2 3 4 5 6 7 8 9 |  9.8
Stealth        | 1 2 3 4 5 |  5.6
Armour         | 4 5 6 7 8 10 11 | 11.3
Fighting       | 4 5 6 7 8 9 10 11 12 | 12.4
Invocations    | 4 6 7 8 |  8.1
Evocations     | |  0.7

Action                   |  1- 3 |  4- 6 |  7- 9 | 10-12 | 13-15 | 16-18 || total
-------------------------+-------+-------+-------+-------+-------+-------++-------
Melee: Flail             |   112 |   338 |   152 |       |       |       ||   602
       Whip              |       |       |   702 |  1822 |  3279 |  2749 ||  8552
Throw: Stone             |    12 |    15 |    76 |    18 |       |       ||   121
       Dart              |       |       |     3 |    78 |   112 |   107 ||   300
       Javelin           |       |       |     4 |    17 |    91 |   138 ||   250
       Boomerang         |       |       |       |       |   118 |   100 ||   218
Invok: Heroism           |       |       |       |    24 |    40 |    17 ||    81
       Finesse           |       |       |       |     5 |     8 |     1 ||    14
 Abil: Fly               |       |       |       |       |     2 |     2 ||     4
       Stop Flying       |       |       |       |       |     2 |     2 ||     4
Evoke: Wand              |       |       |     3 |     8 |       |       ||    11
  Use: Scroll            |     1 |     2 |    16 |    10 |     9 |     5 ||    43
       Potion            |       |     3 |       |     1 |     2 |     3 ||     9
 Stab: Sleeping          |       |       |       |     4 |    12 |     3 ||    19
       Confused          |       |       |       |     2 |       |       ||     2
       Invisible         |       |       |       |       |    17 |       ||    17
       Distracted        |       |       |       |       |       |     1 ||     1
  Eat: Chunk             |     1 |     6 |    20 |    22 |    43 |    27 ||   119
       Ration            |       |       |       |       |     1 |     1 ||     2
Armor: Scale mail        |    81 |   221 |   311 |   147 |       |       ||   760
       Ring mail         |       |       |       |   145 |   511 |   528 ||  1184
Dodge: Dodged            |    50 |   129 |   198 |   319 |   574 |   601 ||  1871
Block: Kite shield       |    73 |   227 |   542 |  1022 |  2053 |  2302 ||  6219
       Reflection        |       |       |     5 |    15 |    40 |   161 ||   221
